 Dungeon Crawl Stone Soup version 0.29.0-4-gdea44cf6ec (webtiles) character file.

Game seed: 6082924456733888506

57 qw the Chopper (level 4, -2/26 HPs)
             Began as a Tengu Warper on Aug 28, 2022.
             Frozen to death by an endoplasm (5 damage)
             ... on level 2 of the Dungeon.
             The game lasted 00:00:07 (1572 turns).

qw the Chopper (Tengu Warper)                       Turns: 1572, Time: 00:00:08

Health: -2/26      AC:  3    Str: 13    XL:     4   Next: 0%
Magic:  8/8        EV: 12    Int: 14    God:
Gold:   73         SH:  0    Dex: 13    Spells: 7/7 levels left

rFire   . . .      SeeInvis .   Y - +0 hand axe
rCold   . . .      Faith    .   (no shield)
rNeg    . . .      Spirit   .   b - +0 leather armour
rPois   .          Reflect  .   (helmet restricted)
rElec   .          Harm     .   (no cloak)
rCorr   .          Rampage  .   (no gloves)
Will    .....                   (boots unavailable)
Stlth   +.........              (no amulet)
HPRegen 0.08/turn               (no ring)
MPRegen 0.11/turn               (no ring)

@: no status effects
A: beak, talons 3
a: no special abilities


You were on level 2 of the Dungeon.
You visited 1 branch of the dungeon, and saw 2 of its levels.

You collected 73 gold pieces.


Innate Abilities, Weirdness & Mutations

You have a beak for a mouth.
You have claws for feet.


   Skills:
 - Level 2.0 Fighting
 + Level 4.5 Axes
 - Level 1.0 Throwing
 - Level 1.1 Armour
 - Level 2.1 Dodging
 - Level 2.0 Spellcasting
 - Level 2.4 Translocations


You had 7 spell levels left.
You didn't know any spells.
Your spell library contained the following spells:

 Spells                   Type           Power      Damage    Failure   Level
 Blink                    Tloc           16%        N/A       17%         2
 Gell's Gravitas          Tloc           8%         N/A       34%         3
 Lesser Beckoning         Tloc           8%         N/A       34%         3
 Teleport Other           Tloc           8%         N/A       34%         3
 Manifold Assault         Tloc           8%         N/A       97%         5

Inventory:

Hand Weapons
 i - a +0 flail
 Y - a +0 hand axe (weapon)
Armour
 b - a +0 leather armour (worn)
 e - a +0 ring mail
Jewellery
 f - a +4 ring of evasion
Scrolls
 a - a scroll of identify
Potions
 c - a potion of attraction {unknown}
 d - a potion of mutation
 g - a potion of might {unknown}

Dungeon Overview and Level Annotations

Branches:
Dungeon (2/15)

Altars:


Message History

You barely miss the adder. You claw the adder.
The adder is moderately wounded.
The adder bites you. The adder misses you.
You barely miss the adder.
The adder is moderately wounded.
The adder bites you.
The endoplasm quivers.
You hit the adder. Your kick misses the adder. Your peck misses the adder.
The adder is severely wounded.
The adder bites you but does no damage. x2
You miss the adder. Your peck misses the adder.
The adder is severely wounded.
The adder bites you.
You are poisoned.
The adder poisons you!
You miss the adder. You claw the adder.
You kill the adder!
You hit the endoplasm.
You feel sick. The endoplasm freezes you.
You are frozen.
The kobold barely misses you. The endoplasm misses you.
You completely miss the endoplasm. Your kick misses the endoplasm.
The endoplasm is lightly wounded.
You hit the kobold.
You feel sick. The kobold hits you with a +0 whip.
The endoplasm hits you but does no damage.
You hit the kobold but do no damage. Your kick misses the kobold.
You peck the kobold.
You kill the kobold!
You hit the endoplasm.
You feel sick.
You are no longer poisoned.
The endoplasm completely misses you.
You have reached level 4!
You feel clever.
You hit the endoplasm.
You claw the endoplasm, but do no damage.
The endoplasm is severely wounded.
The endoplasm freezes you.
You are frozen.
You die...

...### #...#.
#..J. .# #(?)# .#
.KS.##.# . #...#.#
.. #....#
#..#####)..#
####+# #.....@J..#
.....# ##.......##
###..# ####...##
###..##### ##.##
.........# #.#
##.....#.# #.#
###...##.# #.#
###..###.#######.#
.....# #.........#


You could see an endoplasm.

Vanquished Creatures
  3 adders (D:2)
  An endoplasm (D:2)
  2 giant cockroaches
  A goblin (D:1)
  2 hobgoblins (D:1)
  5 jackals
  2 kobolds
  2 quokkas (D:1)
  A ball python (D:1)
  5 bats (D:1)
  2 frilled lizards (D:1)
  3 rats
29 creatures vanquished.

Vanquished Creatures (others)
  A plant (D:1)
1 creature vanquished.

Grand Total: 30 creatures vanquished

Notes
Turn   | Place    | Note
-------+----------+-------------------------------------------
     0 | D:1      | qw the Tengu Warper began the quest for the Orb.
     0 | D:1      | Reached XP level 1. HP: 12/12 MP: 4/4
     0 | D:1      | 0 ||| qw: Version: 0.1-a-89-g26bdef1
     0 | D:1      | 0 ||| qw: Game counter: 1016
     0 | D:1      | 0 ||| qw: Always use a shield: true
     0 | D:1      | 0 ||| qw: God list: Okawaru
     0 | D:1      | 0 ||| qw: Allow faded altars: false
     0 | D:1      | 0 ||| qw: Do Orc after D:15 true
     0 | D:1      | 0 ||| qw: Do second Lair branch before Depths: true
     0 | D:1      | 0 ||| qw: Lair rune preference: random
     0 | D:1      | 0 ||| qw: Plans: Normal
     0 | D:1      | 0 ||| PLANNING D:1-11
   292 | D:1      | 292 ||| Stepping ~*~*~tactically~*~*~ (stealth).
   295 | D:1      | 295 ||| Stepping ~*~*~tactically~*~*~ (stealth).
   297 | D:1      | 297 ||| Stepping ~*~*~tactically~*~*~ (stealth).
   305 | D:1      | Reached skill level 3 in Axes
   305 | D:1      | Reached XP level 2. HP: 17/17 MP: 6/6
   308 | D:1      | 308 ||| Stepping ~*~*~tactically~*~*~ (stealth).
   316 | D:1      | 316 ||| Stepping ~*~*~tactically~*~*~ (stealth).
   333 | D:1      | 333 ||| Stepping ~*~*~tactically~*~*~ (stealth).
   534 | D:1      | 534 ||| DROPPING +0 club.
   796 | D:1      | Reached XP level 3. HP: 21/21 MP: 7/7
  1029 | D:1      | 1029 ||| READING 4 scrolls labelled ESECOF GAWOEL.
  1030 | D:1      | 1030 ||| READING scroll labelled BUARIARHIFE.
  1031 | D:1      | 1031 ||| READING 2 scrolls labelled HIYPNI KARYSIDU.
  1032 | D:1      | 1032 ||| READING 3 scrolls of identify.
  1032 | D:1      | 1032 ||| IDENTIFYING orange potion
  1033 | D:1      | 1033 ||| READING 2 scrolls of identify.
  1033 | D:1      | 1033 ||| IDENTIFYING glowing white potion
  1034 | D:1      | 1034 ||| DROPPING scroll of blinking.
  1035 | D:1      | 1035 ||| DROPPING potion of ambrosia.
  1036 | D:1      | 1036 ||| DROPPING scroll of fear.
  1142 | D:2      | 1142 ||| Stepping ~*~*~tactically~*~*~ (stealth).
  1144 | D:2      | 1144 ||| Stepping ~*~*~tactically~*~*~ (stealth).
  1208 | D:2      | 1208 ||| Stepping randomly (stuck).
  1210 | D:2      | 1210 ||| Stepping randomly (stuck).
  1348 | D:2      | Reached skill level 4 in Axes
  1557 | D:2      | 1557 ||| Stepping ~*~*~tactically~*~*~ (stealth).
  1559 | D:2      | 1559 ||| Stepping ~*~*~tactically~*~*~ (stealth).
  1561 | D:2      | 1561 ||| Stepping ~*~*~tactically~*~*~ (stealth).
  1570 | D:2      | HP: 3/21 [kobold/+0 whip (5)]
  1572 | D:2      | Reached XP level 4. HP: 3/26 MP: 8/8
  1572 | D:2      | Frozen to death by an endoplasm

Levels and vault maps discovered:
D:1:      eino_arrival_water_cross, layout_basic, minmay_misc_feat_alley,
          minivault_5, minmay_fountain_box
D:2:      layout_loops_corners, serial_glass, glass_columns_a, glass_columns_a,
          item_on_display_a, feat_on_display, minmay_circle_x

Skill      XL: |  1  2  3 |
---------------+----------+-----
Axes           | 3 4 |  4.5
Fighting       | |  2.0
Throwing       | |  1.0
Armour         | |  1.1
Dodging        | |  2.1
Spellcasting   | |  2.0
Translocations | |  2.4

Action                   |  1- 3 |  4- 6 || total
-------------------------+-------+-------++-------
Melee: Hand axe          |    63 |     1 ||    64
       Peck              |     7 |       ||     7
       Kick              |    10 |     1 ||    11
Throw: Boomerang         |     7 |       ||     7
  Use: Scroll            |     5 |       ||     5
Armor: Leather armour    |    16 |       ||    16
Dodge: Dodged            |    39 |       ||    39

Table legend:
 A = Non-vault XP
 B = Vault XP
 C = Vault XP percentage of total XP
 D = Non-vault monster count
 E = Vault monster count
 F = Vault count percentage of total count
                 A         B        C        D         E       F
            +---------+---------+-------+---------+---------+-------
      Total |      64 |      18 |  22.0 |      25 |       4 |  13.8
            +---------+---------+-------+---------+---------+-------
        D:1 |      35 |       0 |   0.0 |      21 |       0 |   0.0
        D:2 |      29 |      18 |  38.3 |       4 |       4 |  50.0
            +---------+---------+-------+---------+---------+-------
